 Dungeon Crawl Stone Soup version 0.30-a0-586-g23e55c9e0a (webtiles) character file.

Game seed: 15764396405949315886

4412 M4edhros the Sneak (level 10, -10/66 HPs)
             Began as an Octopode Artificer on Jan 2, 2023.
             Was a Priest of Cheibriados.
             Mangled by an ogre
             ... wielding a +0 giant spiked club
             ... led by Lodul
              (33 damage)
             ... on level 10 of the Dungeon on Jan 3, 2023.
             The game lasted 00:25:33 (5254 turns).

M4edhros the Sneak (Octopode Artificer)             Turns: 5254, Time: 00:25:33

Health: -10/66     AC:  1    Str: 22      XL:     10   Next: 36%
Magic:  10/10      EV: 22    Int: 30 (31) God:    Cheibriados [***...]
Gold:   250        SH:  7    Dex: 21      Spells: 2/9 levels left

rFire   + + +      SeeInvis .    d - +8 demon whip "Dumi" {elec, rF++ Will-}
rCold   . . .      Faith    .    C - +1 buckler
rNeg    . . .      Spirit   .    (helmet restricted)
rPois   .          Reflect  .    i - amulet of magic regeneration
rElec   .          Harm     .    u - +6 ring of strength
rCorr   .          Rampage  .    A - +6 ring of intelligence
Will    .....      Rnd*Tele +    D - +5 ring of evasion
Stlth   +++++                    h - ring of protection from fire
HPRegen 0.31/turn                (no ring)
MPRegen 0.52/turn                (no ring)
                                 (no ring)
                                 (no ring)

@: very slow
A: almost no armour, amphibious, 8 rings, camouflage 1, gelatinous body 1,
(nimble swimmer 1), tentacles, clever 1, deterioration 1, teleportitis 1
a: Renounce Religion, Bend Time, Temporal Distortion


You were on level 10 of the Dungeon.
You worshipped Cheibriados.
Cheibriados was most pleased with you.
You visited 2 branches of the dungeon, and saw 12 of its levels.

You collected 355 gold pieces.
You spent 105 gold pieces at shops.

Inventory:

Hand Weapons
 d - the +8 demon whip "Dumi" (weapon) {elec, rF++ Will-}
   (You acquired it on level 2 of the Dungeon)

   It occasionally discharges a powerful burst of electricity upon striking a
   foe.
   rF:        It greatly protects you from fire.
   Will:      It decreases your willpower.
 y - a +0 flail of freezing
Missiles
 p - 30 poisoned darts (quivered)
 q - a curare-tipped dart
Armour
 C - a +1 buckler (worn)
Magical Staves
 l - a staff of earth
Jewellery
 h - a ring of protection from fire (on tentacle)
 i - an amulet of magic regeneration (around mantle)
 u - a +6 ring of strength (left tentacle)
 A - a +6 ring of intelligence (right tentacle)
 D - a +5 ring of evasion (on tentacle)
Wands
 b - a wand of flame (19)
 c - a wand of charming (2)
 v - a wand of acid (9)
Scrolls
 e - 7 scrolls of blinking
 f - 2 scrolls of magic mapping {unknown}
 j - a scroll of amnesia {unknown}
 k - 5 scrolls of teleportation
 m - a scroll of poison {unknown}
 t - 2 scrolls of enchant weapon
 w - a scroll of immolation
 B - a scroll of fear
Potions
 a - 4 potions of heal wounds
 g - a potion of might
 n - 5 potions of curing
 s - a potion of flight
 x - a potion of invisibility


   Skills:
 - Level 5.0 Fighting
 * Level 4.7 Maces & Flails
 * Level 6.8 Dodging
 - Level 7.2 Stealth
 + Level 4.5 Shields
 - Level 7.1 Unarmed Combat
 * Level 1.9 Earth Magic
 - Level 6.2 Evocations


You had 2 spell levels left.
You knew the following spells:

 Your Spells              Type           Power      Damage    Failure   Level
a - Mephitic Cloud        Conj/Pois/Air  0%         N/A       36%         3
b - Leda's Liquefaction   Hex/Erth       2%         N/A       63%         4

Your spell library contained the following spells:

 Spells                   Type           Power      Damage    Failure   Level
 Magic Dart               Conj           0%         1d3       12%         1
 Call Imp                 Summ           0%         N/A       19%         2
 Lee's Rapid Deconstruct  Erth           5%         3d6*      83%         5
 Statue Form              Tmut/Erth      3%         N/A       100%        6


Dungeon Overview and Level Annotations

Branches:
Dungeon (11/15)            Temple (1/1) D:4
   Lair: D:8-11         Orc: D:9-12

Altars:
Cheibriados
Elyvilon
Gozag
Hepliaklqana
Kikubaaqudgha
Okawaru
Ru
Trog
Uskayaw
Wu Jian
Yredelemnul
The Shining One

Shops:
D:1 (   D:3 *   D:7 ?

Annotations:
D:7 Pikel
D:10 Lodul
D:11 1 runed translucent door, Zero's ghost, journeyman GrCj


Innate Abilities, Weirdness & Mutations

You cannot wear most types of armour.
You are amphibious.
You can wear up to eight rings at the same time.
Your skin changes colour to match your surroundings (Stealth+).
Your rubbery body absorbs attacks. (AC +1, EV +1)
((You are camouflaged when in or above water. (Stealth+)))
You have tentacles for arms and can constrict up to eight enemies at once.
Your mind is acute. (Int +4, Str/Dex -1)
Your body sometimes deteriorates upon taking damage.
You are occasionally teleported next to monsters.


Message History

Aim: Lodul, wielding a +1 dire flail of protection and carrying a wand of roots (3) (chance to affect: 47%) Lodul is charmed.
The ogre completely misses you. What are your orders? t - Shout!
Orders for allies: a - Attack new target. p - Attack previous target. r - Retreat! s - Stop attacking. g - Guard the area. f - Follow me.
Anything else - Cancel.
Guard this area!
Lodul zaps a wand.
The roots erupt in riotous growth!
Roots grab the ogre. x2
Lodul is unaffected.
The grasping roots constrict the ogre!
The grasping roots constrict the ogre.
The ogre struggles to escape constriction.
The ogre hits you with a +0 giant club!!
You hit the ogre. Lightning courses through the ogre!!
You kill the ogre!
Cheibriados appreciates the change of pace.
Lodul hits the ogre with a +1 dire flail of protection!
The grasping roots constrict the ogre.
The ogre dies!
Cheibriados thoroughly appreciates the change of pace.
The ogre hits Lodul with a +0 giant spiked club!
Okay, then.
Aiming: Charm
Press: ? - help, Shift-Dir - straight line, f - ogre, p - Lodul
Aim: an ogre, wielding a +0 giant spiked club (chance to affect: 64%)
The ogre struggles to resist.
The ogre hits Lodul with a +0 giant spiked club!
Lodul hits the ogre with a +1 dire flail of protection!!
The ogre dies!
Cheibriados appreciates the change of pace.
You whack the ogre!
The ogre is moderately wounded.
The ogre hits you with a +0 giant club!!
Your body deteriorates!
You feel dopey.
The ogre hits you with a +0 giant spiked club!!
Ouch! That really hurt!
You die...

.......#......#
........#......#........
........#.....<#........
........#......+.......
........#......#.....#
........#......#.....#
........#......#.....#
...............#.....#
...............#@)...#
...............#OOO..#
...............#..O..#
...............#...)....
...............#...O....
...............#........
...............#.....!..
...............#........
...............#


You could see 4 ogres and the friendly Lodul (charmed).

Vanquished Creatures
  A kobold demonologist (D:7)
  A troll (D:9)
  A hornet (D:8)
  Grinder (D:4)
  A wyvern (D:9)
  A wraith (D:10)
  Edmund (D:4)
  2 water moccasins
  3 orc warriors
  2 sky beasts (D:7)
  A black bear (D:6)
  2 centaurs
  An ogre (D:10)
  A phantom (D:5)
  3 kobold brigands
  3 bullfrogs
  2 scorpions
  6 wights
  3 howler monkeys
  2 orc priests
  3 hounds
  9 orc wizards
  4 iguanas
  7 adders
  8 river rats (D:4)
  3 white imps
  An ufetubus (D:5)
  A worm (D:2)
  20 orcs
  5 ball pythons
  6 endoplasms
  5 giant cockroaches
  3 goblins
  4 hobgoblins
  5 jackals
  4 quokkas
  9 bats
  2 frilled lizards
  23 kobolds
  18 rats
178 creatures vanquished.

Vanquished Creatures (collateral kills)
  A steam dragon (D:5)
  2 ogres (D:10)
  A kobold brigand (D:7)
  A hound (D:5)
  An orc priest (D:7)
  A white imp (D:7)
  2 orcs (D:7)
9 creatures vanquished.

Vanquished Creatures (others)
  A jelly (D:7)
  A hobgoblin (D:4)
2 creatures vanquished.

Grand Total: 189 creatures vanquished

Notes
Turn   | Place    | Note
-------+----------+-------------------------------------------
     0 | D:1      | M4edhros the Octopode Artificer began the quest for the
                  | Orb.
     0 | D:1      | Reached XP level 1. HP: 13/13 MP: 1/1
   148 | D:1      | Reached XP level 2. HP: 14/18 MP: 2/2
   161 | D:1      | Found Acolonk's Weapon Shoppe.
   279 | D:2      | Reached skill level 1 in Unarmed Combat
   311 | D:3      | Reached XP level 3. HP: 23/23 MP: 3/3
   338 | D:4      | Reached XP level 4. HP: 12/29 MP: 4/4
   448 | D:5      | Entered Level 5 of the Dungeon
   453 | D:5      | Learned a level 3 spell: Mephitic Cloud
   563 | D:5      | Reached XP level 5. HP: 19/34 MP: 5/5
   647 | D:7      | Found Zuymuiph's Magic Scroll Shoppe.
   650 | D:7      | Noticed a lemure
   652 | D:7      | Noticed Pikel
   652 | D:7      | Noticed a lemure
   652 | D:7      | Noticed a lemure
   652 | D:7      | Noticed a lemure
   657 | D:7      | Bought a scroll of blinking for 105 gold pieces
   862 | D:6      | Found a basalt altar of Yredelemnul.
   862 | D:6      | Found a hazy altar of Hepliaklqana.
   946 | D:6      | Noticed a black bear
   959 | D:6      | Killed a black bear
   960 | D:6      | Reached XP level 6. HP: 41/41 MP: 6/6
  1041 | D:6      | Reached XP level 7. HP: 26/45 MP: 7/7
  1077 | D:5      | Noticed a steam dragon
  1290 | D:4      | Noticed Grinder
  1304 | D:4      | Paralysed by Grinder for 4 turns
  1310 | D:4      | Killed Grinder
  1399 | D:5      | Reached skill level 5 in Evocations
  1502 | D:5      | Reached skill level 5 in Stealth
  1506 | D:5      | Killed a steam dragon
  1507 | D:5      | Reached skill level 5 in Unarmed Combat
  1507 | D:5      | Reached XP level 8. HP: 40/54 MP: 8/8
  1704 | D:5      | You fall into a shaft and drop 1 floor!
  1861 | D:6      | Found a sacrificial altar of Ru.
  2016 | D:7      | Noticed a kobold demonologist
  2022 | D:7      | Killed a kobold demonologist
  2023 | D:7      | Reached skill level 5 in Dodging
  2039 | D:7      | Reached XP level 9. HP: 35/59 MP: 9/9
  2062 | D:7      | Found a hide-covered altar of Uskayaw.
  3346 | D:4      | Noticed Edmund
  3359 | D:4      | Killed Edmund
  3360 | D:4      | Reached skill level 5 in Fighting
  3405 | D:4      | Found a staircase to the Ecumenical Temple.
  3414 | Temple   | Entered the Ecumenical Temple
  3464 | Temple   | Became a worshipper of Cheibriados the Contemplative
  3768 | D:3      | Found an opulent altar of Gozag.
  3772 | D:3      | Found Gozag's Platinum Reserve.
  3858 | D:2      | Gained mutation: Your body sometimes deteriorates upon
                  | taking damage. [potion of mutation]
  3858 | D:2      | Gained mutation: You are occasionally teleported next to
                  | monsters. [potion of mutation]
  3858 | D:2      | Gained mutation: Your mind is acute. (Int +4, Str/Dex -1)
                  | [potion of mutation]
  3902 | D:2      | Identified a scroll of acquirement
  3902 | D:2      | Acquired the +8 demon whip "Dumi" {elec, rF++ Will-}
  3912 | D:2      | Reached * piety under Cheibriados
  4564 | D:7      | Reached skill level 1 in Maces & Flails
  4564 | D:7      | Reached skill level 1 in Shields
  4634 | D:8      | Noticed a hornet
  4665 | D:8      | Killed a hornet
  4701 | D:8      | Reached ** piety under Cheibriados
  4799 | D:8      | Found a white marble altar of Elyvilon.
  4861 | D:8      | Found a glowing golden altar of the Shining One.
  4862 | D:8      | Noticed a gargoyle
  4920 | D:8      | Upgraded the game from 0.30-a0-585-g93115170b9 to
                  | 0.30-a0-586-g23e55c9e0a
  4954 | D:9      | Reached XP level 10. HP: 65/66 MP: 10/10
  4975 | D:10     | Entered Level 10 of the Dungeon
  5036 | D:11     | Noticed a cyclops
  5064 | D:11     | Found a runed translucent door.
  5064 | D:11     | Noticed Zero's ghost (journeyman GrCj)
  5115 | D:9      | Learned a level 4 spell: Leda's Liquefaction
  5136 | D:9      | Reached *** piety under Cheibriados
  5150 | D:9      | Reached skill level 1 in Earth Magic
  5203 | D:9      | Identified the +1 robe "Keduhas" {Will+}
  5204 | D:9      | Noticed a skeletal warrior
  5204 | D:9      | Noticed a skeletal warrior
  5205 | D:9      | Noticed a skeletal warrior
  5205 | D:9      | Noticed a skeletal warrior
  5248 | D:10     | Noticed Lodul
  5254 | D:10     | Mangled by an ogre

Illustrated notes

Levels and vault maps discovered:
D:1:      moated_graveyard_arrival, layout_loops_corners, serial_rivers,
          chequers_serial_rivers_room_a, chequers_serial_rivers_micro_b,
          chequers_serial_rivers_small_b, chequers_serial_rivers_marsh,
          serial_shops, nicolae_shop_trees, shop_fountains
D:2:      layout_rooms, serial_glass, glass_columns_c, glass_columns_c
D:3:      layout_basic, nicolae_gozag_zags_fifth_avenue
D:4:      layout_loops_ring, minmay_temple_entry_mini_moons, minivault_25,
          dk_rats_in_the_wall, uniq_edmund, uniq_grinder
D:5:      layout_basic
D:6:      cheibrodos_helix_gallery, layout_gridville, minitemple,
          hangedman_ru_absence
D:7:      layout_cave_pods, serial_shops, shop, minmay_ruined_shrine, uniq_pikel
D:8:      layout_gridville, mainiacjoe_overflow_brackets, kennysheep_mini,
          serial_rivers, chequers_serial_rivers_small_a,
          chequers_serial_rivers_micro_e, chequers_serial_rivers_small_b,
          chequers_serial_rivers_small_3, serial_shops, shop,
          minmay_unpleasant_kobolds
D:9:      layout_roguey, erik_lair_island, hex_large, nicolae_elemental_shop
D:10:     layout_grid_maze, grunt_dithmenos_smoke, uniq_lodul
D:11:     minmay_the_grid_octo_tiled_squarecenter [minmay_the_grid_octo_77,
          minmay_the_grid_octo_odd_swirl, minmay_the_grid_octo_tetromino_candy,
          minmay_the_grid_octo_focus,
          minmay_the_grid_square_5x5_megaprize_hollow,
          minmay_the_grid_square_5x5_misaligned,
          minmay_the_grid_square_5x5_inner_z,
          minmay_the_grid_square_5x5_percent, minmay_the_grid_square_5x5_eight],
          layout_cave_pools, gammafunk_ghost_grave,
          hellmonk_guarded_unrand_vines
Temple:   regret_index_temple_generic_petals

Skill      XL: |  1  2  3  4  5  6  7  8  9 10 |
---------------+-------------------------------+-----
Stealth        | 2 3 4 5 6 7 |  7.2
Unarmed Combat | 1 2 3 5 6 7 |  7.1
Fighting       | 2 3 4 5 |  5.0
Dodging        | 3 4 5 6 |  6.8
Evocations     | 4 5 6 |  6.2
Maces & Flails | 3 4 |  4.7
Shields        | 3 4 |  4.5
Earth Magic    | 1 |  1.9

Action                   |  1- 3 |  4- 6 |  7- 9 | 10-12 || total
-------------------------+-------+-------+-------+-------++-------
Melee: Unarmed           |    53 |    50 |   191 |       ||   294
       Constrict         |    14 |    15 |    55 |     8 ||    92
       Tentacles         |     8 |    15 |    57 |     8 ||    88
       Punch             |     1 |     1 |    12 |     5 ||    19
       Demon whip        |       |       |    79 |    37 ||   116
Throw: Dart              |       |       |       |     2 ||     2
Evoke: Wand              |     1 |     7 |    24 |     3 ||    35
  Use: Potion            |       |       |    11 |       ||    11
       Scroll            |       |       |    11 |     1 ||    12
 Stab: Sleeping          |    10 |     2 |    21 |     2 ||    35
       Distracted        |       |     1 |     1 |       ||     2
Armor: Skin              |     4 |       |    16 |       ||    20
Dodge: Dodged            |    33 |    26 |   185 |    22 ||   266
Block: Buckler           |       |       |    27 |    10 ||    37

Table legend: (Time is in decaauts)
 A = Elapsed time spent in this place.
 B = Non-inter-level travel time spent in this place.
 C = Inter-level travel time spent in this place.
 D = Time resting spent in this place.
 E = Time spent auto-exploring this place.
 F = Levels seen in this place.
 G = Mean time per level.
                   A        B        C        D        E       F      G
               +--------+--------+--------+--------+--------+-----+--------+
         Total |   5833 |   5074 |    759 |     29 |    984 |  12 |  486.1 |
       Dungeon |   5748 |   5023 |    725 |     29 |    984 |  11 |  522.5 |
        Temple |     84 |     50 |     34 |      0 |      0 |   1 |   84.0 |
               +--------+--------+--------+--------+--------+-----+--------+

Top non-repeatable levels by time:
     D:5: 1171 daAuts
     D:6: 989 daAuts
     D:7: 688 daAuts
     D:1: 598 daAuts
     D:3: 566 daAuts
     D:4: 549 daAuts
     D:8: 407 daAuts
     D:2: 344 daAuts
     D:9: 257 daAuts
    D:10: 162 daAuts
  Temple: 84 daAuts
    D:11: 12 daAuts
